Workbook
Name cours_or_prix_de_l_or: 'Temp des Cours'!$A$2:$F$196
Name napoleon_or_20_francs_louis_or: 'Temp Napoléon'!$A$2:$B$271

Sheet Calculs
A1: Pièces: | B1: Cours € : | C1: Prime % : | F1: Calcul du coût réel:
A2: Napoléon | B2: ='Temp des Cours'!C39 -> 223.90 â‚¬ | C2: ='Temp des Cours'!E39 -> 1.4 % | G2: Cours: | H2: Comission agence | I2: Scellé | J2: TTC (4 pièces) | K2: Coût de revient unitaire | L2: Valeur intrinsèque | M2: Coût unitaire réel / valeur intrinsèque
A3: Croix Suisse | B3: ='Temp des Cours'!C40 -> 218.50 â‚¬ | C3: ='Temp des Cours'!E40 -> -1.0 % | F3: Napoléon | G3: ='Temp des Cours'!C39 -> 223.90 â‚¬ | H3: 0.092 | I3: 10 | J3: =(G3*4*1.092)+10 -> #VALUE! | K3: =J3/4 -> #VALUE! | L3: ='Temp Napoléon'!A39 -> 220.80 â‚¬ | M3: =K3/L3 -> #VALUE!
A4: Souverain George V | B4: ='Temp des Cours'!C41 -> 279.80 â‚¬ | C4: ='Temp des Cours'!E41 -> 0.6 %
A5: Souverain Elisabeth II | B5: ='Temp des Cours'!C42 -> 280.00 â‚¬ | C5: ='Temp des Cours'!E42 -> 0.6 %
A6: 50 Pesos | B6: ='Temp des Cours'!C46 -> 1 427.00 â‚¬ | C6: ='Temp des Cours'!E46 -> 0.1 %
A7: Krugerrand | B7: ='Temp des Cours'!C55 -> 1 265.00 â‚¬ | C7: ='Temp des Cours'!E55 -> 7.0 %
J8: (G3*4)+9,2%+10€ | K8: J3/4 | L8: valeur en € | M8: K3/L3 soit 242,85/218,15 =
M9: =M24 -> 1.1132212
O12: *Scellé (sachet scellé) de plusieurs Napoléons :
G23: Cours: | H23: Comission agence | I23: Scellé | J23: TTC (4 pièces) | K23: Coût de revient unitaire | L23: Valeur intrinsèque | M23: Coût unitaire réel / valeur intrinsèque
F24: Napoléon | G24: 220.1 | H24: 0.092 | I24: 10 | J24: =(G24*4*1.092)+10 -> 971.3968 | K24: =J24/4 -> 242.8492 | L24: 218.15 | M24: =K24/L24 -> 1.1132212

Sheet Temp des Cours
A1: Importation de la page https://www.gold.fr/cours-or-prix-de-l-or/
A2: -
A3: Comptoir National de l'Or
A5: PresseNous contacterSe connecter
A6: Menu
A8: Accueil
A9: Achat d'Or
A10: Vente d'Or
A11: Cours de l'Or
A12: Cours de l'Argent
A13: Autres cours de mÃ©taux
A14: ActualitÃ©s
... A33: Vous pouvez Acheter ou Vendre votre Or en ligne (Cours de l'Or du jour) ou dans nos agences partout en France. Nos conseillers sont à votre disposition au 0800.744.144
B35: IntitulÃ© | C35: Cours | D35: Variation | E35: Prime
A36: Lingot 1 Kg en Or | B36: Lingot 1 Kg | C36: 38 270.00 â‚¬ | D36: + 2.60 % | E36: 0.6 % | F36: AcheterVendre
A37: Lingotin 500g en Or | B37: Lingotin 500g | C37: 19 700.00 â‚¬ | D37: + 1.03 % | E37: 3.6 % | F37: AcheterVendre
A38: Lingotin 250g en Or | B38: Lingotin 250g | C38: 9 860.00 â‚¬ | D38: + 1.54 % | E38: 3.7 % | F38: AcheterVendre
A39: NapolÃ©on 20 Frs (Louis d Or) en Or | B39: NapolÃ©on 20 Frs (Louis d'Or) | C39: 223.90 â‚¬ | D39: - 0.04 % | E39: 1.4 % | F39: AcheterVendre
A40: Croix Suisse 20 Frs en Or | B40: Croix Suisse 20 Frs | C40: 218.50 â‚¬ | D40: - 2.02 % | E40: -1.0 % | F40: AcheterVendre
A41: Souverain en Or | B41: Souverain | C41: 279.80 â‚¬ | D41: 0.00 % | E41: 0.6 % | F41: AcheterVendre
A42: Elisabeth II en Or | B42: Elisabeth II | C42: 280.00 â‚¬ | D42: 0.00 % | E42: 0.6 % | F42: AcheterVendre
A43: 20 $ US en Or | B43: 20 $ US | C43: 1 240.00 â‚¬ | D43: - 4.98 % | E43: 8.4 % | F43: AcheterVendre
A44: 10 $ US en Or | B44: 10 $ US | C44: 649.00 â‚¬ | D44: 0.00 % | E44: 13.4 % | F44: AcheterVendre
A45: 5 $ US en Or | B45: 5 $ US | C45: 360.00 â‚¬ | D45: + 12.50 % | E45: 25.8 % | F45: AcheterVendre
A46: 50 Pesos en Or | B46: 50 Pesos | C46: 1 427.00 â‚¬ | D46: + 0.49 % | E46: 0.1 % | F46: AcheterVendre
A47: Reichmark en Or | B47: Reichmark | C47: 275.00 â‚¬ | D47: 0.00 % | E47: 0.9 % | F47: AcheterVendre
B48: IntitulÃ© | C48: Cours | D48: Variation | E48: Prime
A49: Once d Or (J.P.Gaultier) en Or | B49: Once d'Or (J.P.Gaultier) | C49: 1 240.00 â‚¬ | D49: + 0.49 % | E49: 4.8 % | F49: AcheterVendre
A50: Lingotin 100g en Or | B50: Lingotin 100g | C50: 3 970.00 â‚¬ | D50: 0.00 % | E50: 4.4 % | F50: AcheterVendre
A51: Lingotin 50g en Or | B51: Lingotin 50g | C51: 1 980.00 â‚¬ | D51: - 0.50 % | E51: 4.1 % | F51: AcheterVendre
A52: Lingotin 20g en Or | B52: Lingotin 20g | C52: 795.00 â‚¬ | D52: + 0.63 % | E52: 4.5 % | F52: AcheterVendre
A53: Lingotin 10g en Or | B53: Lingotin 10g | C53: 413.00 â‚¬ | D53: + 3.25 % | E53: 8.6 % | F53: AcheterVendre
A54: Demi NapolÃ©on en Or | B54: Demi NapolÃ©on | C54: 121.90 â‚¬ | D54: 0.00 % | E54: 10.4 % | F54: AcheterVendre
A55: Krugerrand en Or | B55: Krugerrand | C55: 1 265.00 â‚¬ | D55: + 1.20 % | E55: 7.0 % | F55: AcheterVendre
A56: Demi Souverain en Or | B56: Demi Souverain | C56: 148.00 â‚¬ | D56: 0.00 % | E56: 6.4 % | F56: AcheterVendre
A57: 10 Florins en Or | B57: 10 Florins | C57: 236.00 â‚¬ | D57: 0.00 % | E57: 2.5 % | F57: AcheterVendre
A58: 20 Frs Tunisie en Or | B58: 20 Frs Tunisie | C58: 221.00 â‚¬ | D58: 0.00 % | E58: 0.1 % | F58: AcheterVendre
A59: Union Latine en Or | B59: Union Latine | C59: 219.10 â‚¬ | D59: 0.00 % | E59: -0.8 % | F59: AcheterVendre
A60: $ / â‚¬
A62: Cours International de l'Or
A64: Temps rÃ©el NYC, vendredi 7 juin 2019 21h59
B66: cours | C66: min | D66: max | E66: moy | F66: var
A67: Once d'Or | B67: 1 340.41 $ | C67: 1 330.32 $ | D67: 1 347.11 $ | E67: 1 334.52 $ | F67: + 0.44 %- 0.05 %
B68: 1 182.65 â‚¬ | C68: 1 180.79 â‚¬ | D68: 1 188.21 â‚¬ | E68: 1 183.18 â‚¬
A69: Lingot d'Or | B69: 43 095.34 $ | C69: 42 770.62 $ | D69: 43 310.72 $ | E69: 42 905.70 $ | F69: + 0.44 %- 0.05 %
B70: 38 022.100 â‚¬ | C70: 37 963.35 â‚¬ | D70: 38 201.68 â‚¬ | E70: 38 040.15 â‚¬
A71: Gramme d'Or | B71: 43.10 $ | C71: 42.77 $ | D71: 43.32 $ | E71: 42.91 $ | F71: + 0.44 %- 0.05 %
B72: 38.03 â‚¬ | C72: 37.97 â‚¬ | D72: 38.21 â‚¬ | E72: 38.04 â‚¬
A74: Fixings de Londres
B76: 06/06/2019, PM | C76: 06/06/2019, AM | D76: 05/06/2019, PM | E76: 05/06/2019, AM | F76: var
A77: Once d'Or | B77: 1 335.50 $ | C77: 1 336.65 $ | D77: 1 335.05 $ | E77: 1 337.75 $ | F77: + 0.03 %+ 0.08 %
B78: 1 185.92 â‚¬ | C78: 1 189.62 â‚¬ | D78: 1 184.99 â‚¬ | E78: 1 185.38 â‚¬
A79: Gramme d'Or | B79: 42.94 $ | C79: 42.97 $ | D79: 42.92 $ | E79: 43.01 $ | F79: + 0.03 %+ 0.08 %
B80: 38.13 â‚¬ | C80: 38.25 â‚¬ | D80: 38.10 â‚¬ | E80: 38.11 â‚¬
A81: Source : DGCSC
A83: Vous voulez Vendre ou Acheter de lâ€™Or ? Vous avez besoin de conseils ?
A85: Le Comptoir National de lâ€™Or, professionels de lâ€™Or depuis 1976, est le spÃ©cialiste de l'achat et de la vente d'Or sous toutes ses formes.
A87: Achetez ou vendez votre Or au meilleur cours en ligne ou dans lâ€™une de nos agences proche de chez vous.
A89: Nous vous conseillons gratuitement en toute discrÃ©tion. Des milliers de clients nous font confiance, faites comme eux !
A91: Achetez de l'Or >>Vendez votre Or >>
A93: Trouver un Comptoir proche de chez vous - Achat dâ€™Or & Vente dâ€™Or
A96: Saisissez votre code postal, votre ville ou votre rÃ©gion et trouvez un Comptoir pour acheter ou vendre votre Or
A98: Vu Ã la TV
A100: Facebook
A102: F.A.Q.Guides
A103: > 5 bonnes raisons de faire confiance Ã Gold.fr
... A196: ConformÃ©ment Ã notre politique gÃ©nÃ©rale en matiÃ¨re de donnÃ©es personnelles, vous disposez dâ€™un droit dâ€™accÃ¨s vous permettant Ã tout moment de connaÃ®tre la nature des donnÃ©es collectÃ©es vous concernant, de demander leur rectification ou leur effacement. Ce droit sâ€™exerce par simple envoi dâ€™un email Ã [email protected] Pour tout savoir sur la maniÃ¨re dont Gold Trade gÃ¨re les donnÃ©es personnelles, vous pouvez vous reporter Ã notre Charte sur les DonnÃ©es Personnelles.

Sheet Temp Napoléon
A1: Importation de la page https://www.gold.fr/cours-or-prix-de-l-or/napoleon-or-20-francs-louis-or/
A2: -
A3: Comptoir National de l'Or
A5: PresseNous contacterSe connecter
A6: Menu
A8: Accueil
A9: Achat d'Or
A10: Vente d'Or
A11: Cours de l'Or
A12: Cours de l'Argent
A13: Autres cours de mÃ©taux
A14: ActualitÃ©s
... A34: Des questions concernant ce produit ? Appelez le 0 800 744 144
A36: > Acheter des NapolÃ©ons 20 F. | B36: > Vendre des NapolÃ©ons 20 F.
A38: Valeur intrinsÃ¨que
A39: 220.80 â‚¬
A40: Prime (?)
A41: 1.4 %
A42: Titre
A43: 900.0 â€°
A44: Poids
A45: 6.45 g
A46: Pays
A47: France
A48: Desc. pile
A49: Marianne, RÃ©publique Francaise
... A55: Date
A56: 1898
A57: Tirage
A58: 117246529
A59: ParticularitÃ©
A60: PiÃ¨ce cotÃ©e
A61: Desc. face
A62: Coq, LibertÃ© EgalitÃ© FraternitÃ©
A64: Cours du NapolÃ©on 20 Frs.Avis clientsActualitÃ©sExport
A65: Historique depuis
A66: Comparer
A68: le jeudi 16 juin 2011
A69: Or â€“ La classification
A70: le mercredi 29 juin 2011
A71: Tout ce qu'il faut savoir sur les PiÃ¨ces d'Or
A72: le jeudi 18 novembre 2010
... A271: ConformÃ©ment Ã notre politique gÃ©nÃ©rale en matiÃ¨re de donnÃ©es personnelles, vous disposez dâ€™un droit dâ€™accÃ¨s vous permettant Ã tout moment de connaÃ®tre la nature des donnÃ©es collectÃ©es vous concernant, de demander leur rectification ou leur effacement. Ce droit sâ€™exerce par simple envoi dâ€™un email Ã [email protected] Pour tout savoir sur la maniÃ¨re dont Gold Trade gÃ¨re les donnÃ©es personnelles, vous pouvez vous reporter Ã notre Charte sur les DonnÃ©es Personnelles.

Sheet ERREURS
A1: ERREURS SCRIPT IMPORTATION DES COURS: | K1: ERREURS SCRIPT IMPORTATION DU NAPOLEON:
A2: https://www.gold.fr/cours-or-prix-de-l-or/ | K2: https://www.gold.fr/cours-or-prix-de-l-or/napoleon-or-20-francs-louis-or/
